 Dungeon Crawl Stone Soup version 0.27-a0-1200-g94dc6ad4cf (webtiles) character file.

Game seed: 16254808098809003323

305349 sizableburger the Eclecticist (level 20, 0/150 HPs)
             Began as a Mummy Brigand on May 29, 2021.
             Was the Champion of Nemelex Xobeh.
             Killed from afar by a crystal guardian (67 damage)
             ... with a crystal bolt
             ... led by a peacekeeper
             ... on level 4 of the Vaults on May 30, 2021.
             The game lasted 05:54:30 (85395 turns).

sizableburger the Eclecticist (Mummy Brigand)      Turns: 85395, Time: 05:54:31

Health: 0/150      AC: 23    Str: 19    XL:     20   Next: 28%
Magic:  32/40      EV: 19    Int: 20    God:    Nemelex Xobeh [******]
Gold:   3057       SH:  5    Dex: 15    Spells: 2/52 levels left

rFire    x . .     SeeInvis .   g - staff of death
rCold    + . .     Faith    +   a - +0 buckler
rNeg     + + +     Spirit   .   C - +1 acid dragon scales
rPois    ∞         Reflect  .   j - +2 helmet
rElec    .         Harm     .   c - +2 cloak
rCorr    +         Rampage  ∞   N - +2 pair of gloves {Str+3}
Will     +++..                  Y - +3 pair of seven-league boots {Rampage+∞}
Stlth    ++........             p - amulet of faith
HPRegen  0.35/turn              i - +4 ring of evasion
MPRegen  0.27/turn              H - ring of Avesk {Will+ Int+4}

@: no status effects
A: cold resistance 1, negative energy resistance 3, torment resistance 2, heat
vulnerability 1, in touch with death 1, no potions
}: 2/15 runes: barnacled, gossamer
a: Renounce Religion, Draw Escape, Draw Destruction, Draw Summoning, Triple
Draw, Deal Four, Stack Five


You were on level 4 of the Vaults.
You worshipped Nemelex Xobeh.
Nemelex Xobeh was exalted by your worship.
You visited 7 branches of the dungeon, and saw 35 of its levels.

You collected 3716 gold pieces.
You spent 659 gold pieces at shops.

Inventory:

Hand Weapons
 L - a +8 mace of protection
 P - the +9 staff of Olgreb {rPois∞}
   (You took it off a merfolk aquamancer on level 4 of the Shoals)

   It may poison the flesh of those it strikes, and is more effective with a
   high Evocations skill.
   It enhances your poison magic.
   It grants immunity to poison.
   It can be evoked to poison those around you for a time.
Missiles
 b - 15 throwing nets
 e - 16 curare-tipped darts
 u - 8 atropa-tipped darts
 X - 20 silver javelins (quivered)
Armour
 a - a +0 buckler (worn)
 c - a +2 cloak (worn)
 f - a scarf of invisibility
 j - a +2 helmet (worn)
 C - +1 acid dragon scales (worn)
 N - a +2 pair of gloves of strength (worn)
 Y - the +3 pair of seven-league boots (worn) {Rampage+∞}
   (You found it on level 13 of the Dungeon)
Magical Staves
 g - a staff of death (weapon)
Jewellery
 d - an amulet of the acrobat
 i - a +4 ring of evasion (left hand)
 o - an amulet of regeneration
 p - an amulet of faith (around neck)
 v - an amulet of guardian spirit
 w - the ring "Ceorejen" {Fire rCorr Str+2}
   (You found it on level 4 of the Shoals)

   [ring of fire]

   It enhances your fire magic.
   It affects your strength (+2).
   It protects you from fire.
   It makes you vulnerable to cold.
   It protects you from acid and corrosion.
 x - a ring of resist corrosion
 F - a +6 ring of intelligence
 H - the ring of Avesk (right hand) {Will+ Int+4}
   (You acquired it on level 4 of the Lair of Beasts)

   [ring of willpower]

   It affects your intelligence (+4).
   It increases your willpower.
 J - a ring of protection from fire
 Q - a ring of protection from cold
 T - a ring of flight
 W - a ring of wizardry
Wands
 k - a wand of polymorph (45)
 r - a wand of flame (68)
 s - a wand of digging (9)
 t - a wand of acid (6)
 y - a wand of mindburst (18)
 z - a wand of paralysis (28)
 E - a wand of charming (15)
 Z - a wand of iceblast (29)
Scrolls
 h - 7 scrolls of teleportation
 m - a scroll of enchant weapon
 n - 9 scrolls of identify
 q - 5 scrolls of amnesia
 A - 2 scrolls of vulnerability
 D - 4 scrolls of silence
 K - 6 scrolls of immolation
 M - 3 scrolls of fog
 O - 3 scrolls of fear
 R - 3 scrolls of torment
 S - 3 scrolls of holy word
 U - 2 scrolls of summoning
 V - 2 scrolls of blinking
Miscellaneous
 B - a phantom mirror
 I - a phial of floods


   Skills:
 - Level 11.1 Fighting
 - Level 3.6 Short Blades
 - Level 7.3(8.6) Maces & Flails
 - Level 6.9(8.4) Staves
 - Level 3.0 Throwing
 - Level 7.4 Armour
 - Level 7.3 Dodging
 - Level 3.2 Stealth
 - Level 4.0 Shields
 + Level 16.7 Spellcasting
 - Level 2.6 Conjurations
 - Level 5.8 Summonings
 - Level 12.1 Necromancy
 - Level 2.0 Transmutations
 - Level 2.0 Fire Magic
 + Level 11.5 Ice Magic
 - Level 3.0 Air Magic
 - Level 6.5 Earth Magic
 - Level 6.3 Poison Magic
 - Level 11.0 Invocations
 - Level 10.0 Evocations


You had 2 spell levels left.
You knew the following spells:

 Your Spells              Type           Power      Damage    Failure   Level
a - Summon Small Mammal   Summ           100%       N/A       1%          1
b - Call Imp              Summ           40%        N/A       1%          2
c - Summon Ice Beast      Ice/Summ       51%        N/A       1%          4
d - Poisonous Vapours     Pois/Air       70%        N/A       1%          2
e - Vampiric Draining     Necr           49%        2d13      1%          3
f - Mephitic Cloud        Conj/Pois/Air  32%        N/A       2%          3
g - Animate Dead          Necr           49%        N/A       1%          4
h - Borgnjor's Vile Clut  Necr/Erth      44%        N/A       2%          5
i - Olgreb's Toxic Radia  Pois           42%        N/A       3%          4
j - Death Channel         Necr           49%        N/A       4%          6
k - Ignite Poison         Fire/Tmut/Pois 30%        N/A       3%          3
l - Ozocubu's Refrigerat  Ice            29%        4d10      32%         7
m - Simulacrum            Ice/Necr       49%        N/A       5%          6

Your spell library contained the following spells:

 Spells                   Type           Power      Damage    Failure   Level
 Animate Skeleton         Necr           100%       N/A       1%          1
 Pain                     Necr           100%       1d9       1%          1
 Sting                    Tmut/Pois      100%       1d8       1%          1
 Corpse Rot               Necr/Air       N/A        N/A       1%          2
 Ensorcelled Hibernation  Hex/Ice        78%        N/A       1%          2
 Apportation              Tloc           32%        N/A       4%          1
 Corona                   Hex            17%        N/A       4%          1
 Slow                     Hex            16%        N/A       7%          2
 Call Canine Familiar     Summ           40%        N/A       1%          3
 Dispel Undead            Necr           98%        3d31      1%          4
 Agony                    Necr           98%        N/A       1%          5
 Excruciating Wounds      Necr           49%        N/A       1%          5
 Animate Armour           Summ/Erth      82%        N/A       3%          4
 Summon Guardian Golem    Hex/Summ       28%        N/A       4%          3
 Summon Lightning Spire   Summ/Air       34%        N/A       7%          4
 Inner Flame              Hex/Fire       20%        N/A       9%          3
 Leda's Liquefaction      Hex/Erth       14%        N/A       12%         4
 Lesser Beckoning         Tloc           8%         N/A       13%         3
 Portal Projectile        Hex/Tloc       32%        N/A       13%         3
 Tukima's Dance           Hex            16%        N/A       13%         3
 Alistair's Intoxication  Tmut/Pois      22%        N/A       22%         5
 Bolt of Magma            Conj/Fire/Erth 15%        4d9       26%         5
 Summon Mana Viper        Hex/Summ       28%        N/A       36%         5
 Iskenderun's Battlesphe  Conj           27%        2d8       38%         5
 Cause Fear               Hex            8%         N/A       41%         4
 Shadow Creatures         Summ           N/A        N/A       52%         6
 Silence                  Hex/Air        11%        N/A       54%         5
 Freezing Cloud           Conj/Ice/Air   19%        6-21      54%         6
 Iron Shot                Conj/Erth      17%        9d4       71%         6
 Invisibility             Hex            16%        N/A       100%        6
 Orb of Destruction       Conj           13%        9d6       100%        7
 Spellforged Servitor     Conj/Summ      16%        N/A       100%        7
 Beastly Appendage        Tmut           Unusable   N/A       N/A         1
 Sublimation of Blood     Necr           Unusable   N/A       N/A         2
 Wereblood                Tmut           Unusable   N/A       N/A         2
 Spider Form              Tmut/Pois      Unusable   N/A       N/A         3
 Ice Form                 Ice/Tmut       Unusable   N/A       N/A         4
 Hydra Form               Tmut           Unusable   N/A       N/A         5

Dungeon Overview and Level Annotations

Branches:
Dungeon (15/15)            Temple (0/1) D:6            Lair (5/6) D:9
 Shoals (4/4) Lair:4       Spider (4/4) Lair:2        Slime (0/5) Lair:5
    Orc (2/2) D:10            Elf (1/3) Orc:2        Vaults (4/5) D:14
  Crypt (0/3) Vaults:3     Depths (0/5) D:15

Altars:
Ashenzari
Hepliaklqana
Kikubaaqudgha
Makhleb
Nemelex Xobeh
Qazlal
Vehumet
Xom
Yredelemnul
Beogh
Jiyva

Shops:
D:1 (*((   D:13 ?   Orc:2 [(:   Elf:1 =::   Vaults:1 (

Annotations:
D:7 1 runed translucent door, indyram44's ghost, novice MiBe
D:11 1 runed translucent door, Vylera's ghost, journeyman DjFE
Lair:4 2 transporters, Nyzic's ghost, journeyman TrMo


Innate Abilities, Weirdness & Mutations

You are immune to poison.
Your flesh is cold resistant. (rC+)
You are immune to negative energy. (rN+++)
You are immune to unholy pain and torment.
You are vulnerable to heat. (rF-)
You are in touch with the powers of death.
You do not drink.


Message History

There is a large open door here.
X - 21 silver javelins (gained 1)
A crystal guardian comes into view.
Okay, then.
Okay, then.
Casting: Borgnjor's Vile Clutch (mildly dangerous; 2% risk of failure)
Confirm with . or Enter, or press ? or * to list all spells.
Aiming: Borgnjor's Vile Clutch (mildly dangerous; 2% risk of failure)
Press: ? - help, Shift-Dir - straight line, f - crystal guardian
Aim: a crystal guardian (wandering, hasn't noticed you, 100% to hit)
You feel a strong surge of power!
Zombie hands grab the crystal guardian.
The zombie hands constrict the crystal guardian.
The crystal guardian struggles to escape constriction.
You throw a silver javelin.
The silver javelin pierces through the crystal guardian but does no damage.
The crystal guardian is lightly damaged.
The zombie hands constrict the crystal guardian.
The crystal guardian fires a crystalline bolt at you.
The crystal bolt burns you!! The fire burns you terribly!
Unknown command.
The zombie hands lose their grip on something.
There is a large open door here.
The crystal guardian fires a crystalline bolt at you.
The crystal bolt burns you!!! The fire burns you terribly!
Casting: Borgnjor's Vile Clutch (mildly dangerous; 2% risk of failure)
Confirm with . or Enter, or press ? or * to list all spells.
Aiming: Borgnjor's Vile Clutch (mildly dangerous; 2% risk of failure)
Press: ? - help, Shift-Dir - straight line, f/p - crystal guardian
Aim: a crystal guardian (lightly damaged, 100% to hit)
You feel a strong surge of power!
Zombie hands grab the crystal guardian.
The zombie hands constrict the crystal guardian!
The crystal guardian fires a crystalline bolt at you.
The crystal bolt misses you.
The zombie hands constrict the crystal guardian, but do no damage.
The crystal guardian fires a crystalline bolt at you.
The crystal bolt burns you!!! The fire burns you terribly!
You die...
Your body disappears without a glow.

#..[..##....# #...
..# #...........#
#...##9.#
#...........#
#.##....#
#########'#####
#.##..#.#
............#
#.(.....#
........^...#
#'#######
.......!....# #..#
...........)###..#
.........@..'.8#'#
#######.....'..+.+
#.....####+#
#.....# #.....#
#.....# #.....#
#.....# #.....#


You could see a crystal guardian (clutched).

Vanquished Creatures
  Jorgrun (Shoals:2)
  The ghost of robertstho the Tortoise, an adept TeBe of Trog (Shoals:3)
  A kraken (Shoals:1)
  3 sphinxes
  Agnes (D:15)
  The ghost of chaostorm the Warrior, an adept MfFi of Okawaru (Orc:2)
  3 frost giants
  Aizul (Spider:2)
  8 vault wardens
  An orc warlord (Orc:2)
  Louise (Shoals:1)
  A ghost moth (Spider:2)
  4 emperor scorpions
  2 stone giants
  10 ironbound preservers
  3 war gargoyles
  5 very ugly things
  2 deep elf demonologists (Elf:1)
  An entropy weaver (shapeshifter) (Elf:1)
  2 entropy weavers
  2 spark wasps
  2 crystal guardians
  6 dire elephants
  2 merfolk javelineers (Shoals:4)
  An ettin (Vaults:2)
  5 merfolk impalers
  A fire dragon (D:14)
  A great orb of eyes (Vaults:3)
  10 vault guards
  6 yaktaur captains
  2 peacekeepers
  3 merfolk avatars
  3 hydras
  Fannar (D:12)
  5 ironbound thunderhulks
  Erolcha (D:10)
  7 ironbound frosthearts
  4 boulder beetles
  4 death knights
  17 centaur warriors
  An alligator snapping turtle (Shoals:4)
  3 merfolk aquamancers
  2 two-headed ogres
  4 satyrs
  Erica (Lair:2)
  8 death yaks
  4 tengu warriors
  6 dancing weapons (Elf:1)
  4 ironbound beastmasters
  Urug (Orc:2)
  Nergalle (D:10)
  5 deep elf knights (Elf:1)
  A glowing orange brain (D:12)
  7 sea snakes
  35 deep trolls
  A swamp dragon (shapeshifter) (Vaults:3)
  5 lindwurms
  6 wizards
  15 ironbound convokers
  6 deep elf archers (Elf:1)
  18 orb spiders
  31 wolf spiders
  20 harpies
  4 orc knights
  22 ugly things
  15 fauns
  11 deep elf pyromancers
  9 deep elf zephyrmancers (Elf:1)
  4 orc sorcerers
  2 moths of wrath
  An elephant (Lair:4)
  An oklob plant (Shoals:3)
  7 manticores
  6 cyclopes
  A salamander (shapeshifter) (D:14)
  7 slime creatures
  11 merfolk sirens
  2 black mambas
  5 vault sentinels
  8 water nymphs
  Psyche (D:11)
  A gargoyle (D:12)
  2 unseen horrors
  A torpor snail (Spider:2)
  6 cane toads
  15 yaktaurs
  7 komodo dragons
  8 demonic crawlers
  4 meliai
  27 jumping spiders
  17 merfolk
  A tyrant leech (Vaults:1)
  7 hornets
  5 trolls
  7 wind drakes
  3 blink frogs (Lair:4)
  11 snapping turtles
  9 dream sheep
  A meliai zombie (D:11)
  A spriggan (D:7)
  8 water elementals
  58 redbacks
  21 yaks
  A shadow (D:10)
  22 tarantellas
  3 wraiths (D:12)
  2 yaks (shapeshifter)
  6 humans (D:11)
  4 basilisks
  A fire elemental (Elf:1)
  2 wyverns
  14 vampire mosquitoes
  A warg (D:15)
  2 acid dragons (D:11)
  A warg (shapeshifter) (Lair:1)
  14 water moccasins
  A black bear (D:4)
  A swamp drake (D:10)
  2 ice beasts
  22 orc warriors
  2 sky beasts
  A tengu (D:10)
  2 centaurs
  5 necrophages (D:10)
  11 boggarts
  5 ogres
  14 wolves
  2 kobold brigands
  An earth elemental (Elf:1)
  15 bullfrogs
  4 gnoll sergeants
  A scorpion (D:5)
  A wyvern skeleton (D:7)
  2 water moccasin zombies
  5 killer bees (D:10)
  A water moccasin skeleton (D:5)
  2 howler monkeys
  6 wights (D:10)
  11 electric eels
  5 centaur zombies
  19 orc priests
  10 hounds
  2 centaur skeletons (D:6)
  3 gnoll shamans (D:8)
  2 jellies (D:5)
  Jessica (D:3)
  6 iguanas
  18 orc wizards
  A killer bee zombie (D:6)
  A mummy (D:10)
  35 gnolls
  A howler monkey skeleton (D:5)
  4 adders
  A shadow imp (D:6)
  A white imp (D:5)
  A worm (D:3)
  2 dart slugs
  53 orcs
  7 endoplasms
  4 giant cockroaches
  7 hobgoblins
  16 jackals
  15 kobolds
  3 quokkas
  3 ball pythons
  3 bats
  2 frilled lizards (D:1)
  4 goblins
  A hobgoblin zombie (D:5)
  10 rats
  2 butterflies (Lair:4)
1090 creatures vanquished.

Vanquished Creatures (collateral kills)
  Arachne (Spider:4)
  A sphinx (Vaults:1)
  A vault warden (Vaults:3)
  A deep elf sorcerer (Elf:1)
  2 ghost moths (Spider:4)
  A stone giant (Vaults:2)
  5 ironbound preservers
  A very ugly thing (Vaults:1)
  An entropy weaver (Spider:4)
  An ettin (Orc:2)
  2 merfolk impalers (Shoals:4)
  3 vault guards
  A boulder beetle (Spider:4)
  An ironbound thunderhulk (Vaults:3)
  A hydra (Lair:3)
  A two-headed ogre (Orc:2)
  An alligator (Vaults:1)
  A merfolk aquamancer (Shoals:3)
  2 death yaks
  An ironbound beastmaster (Vaults:1)
  13 deep trolls
  2 glowing orange brains
  2 wizards
  8 orb spiders
  An orc knight (Orc:2)
  A deep elf pyromancer (Elf:1)
  2 ironbound convokers
  13 wolf spiders
  6 harpies
  A faun (Shoals:4)
  A manticore (D:12)
  An ugly thing (Vaults:2)
  2 merfolk sirens
  2 vault sentinels
  2 water nymphs (Shoals:4)
  2 cane toads
  A torpor snail (Spider:4)
  A gargoyle (D:12)
  4 yaktaurs (Vaults:1)
  A komodo dragon (Lair:2)
  9 demonic crawlers
  A merfolk (Shoals:3)
  6 jumping spiders
  13 slime creatures
  2 air elementals (Elf:1)
  A snapping turtle (D:12)
  8 redbacks
  7 tarantellas
  A shadow (D:12)
  5 wraiths
  A water elemental (Shoals:3)
  A yak (Lair:4)
  A water moccasin (Lair:5)
  3 orc warriors (Orc:2)
  A sky beast (D:7)
  An ice beast (D:6)
  A boggart (Vaults:2)
  A centaur (Shoals:4)
  An orc wizard (D:6)
  2 orcs
161 creatures vanquished.

Vanquished Creatures (others)
  A redback (Spider:2)
  A hobgoblin (D:10)
  A bush (Lair:2)
  25 fungi
  131 plants
  39 tentacles (Shoals:1)
  6 withered plants (D:10)
204 creatures vanquished.

Grand Total: 1455 creatures vanquished

Notes
Turn   | Place    | Note
-------+----------+-------------------------------------------
     0 | D:1      | sizableburger the Mummy Brigand began the quest for the
                  | Orb.
     0 | D:1      | Reached XP level 1. HP: 16/16 MP: 1/1
   218 | D:1      | Reached XP level 2. HP: 13/23 MP: 2/2
   379 | D:1      | Found Bytaul's General Store.
   590 | D:1      | Found Sysek's Antique Weapon Shop.
   641 | D:1      | Found Heliuliz's Weapon Shoppe.
   890 | D:1      | Found Ykhlafev's Antique Weapon Shoppe.
  1309 | D:2      | Reached XP level 3. HP: 25/28 MP: 3/3
  1642 | D:2      | Learned a level 1 spell: Summon Small Mammal
  1886 | D:3      | Reached XP level 4. HP: 35/35 MP: 4/4
  1915 | D:3      | Noticed Jessica
  1923 | D:3      | Killed Jessica
  1924 | D:3      | Reached skill level 1 in Summonings
  2273 | D:3      | Noticed an ogre
  2314 | D:3      | Killed an ogre
  2315 | D:3      | Reached XP level 5. HP: 42/42 MP: 5/5
  3407 | D:4      | Found a sparkling altar of Nemelex Xobeh.
  3418 | D:4      | Became a worshipper of Nemelex Xobeh the Trickster
  3539 | D:4      | Found a stormy altar of Qazlal.
  3567 | D:4      | You fall into a shaft and drop 3 floors!
  3568 | D:7      | Noticed an ice beast
  3586 | D:6      | Reached XP level 6. HP: 23/48 MP: 3/6
  3967 | D:6      | Noticed an ice beast
  4080 | D:5      | Entered Level 5 of the Dungeon
  4278 | D:5      | Noticed a water moccasin
  4303 | D:5      | Reached * piety under Nemelex Xobeh
  4368 | D:4      | Reached skill level 1 in Invocations
  4499 | D:1      | Bought a quarterstaff for 108 gold pieces
  4857 | D:4      | Reached skill level 1 in Spellcasting
  4857 | D:4      | Reached XP level 7. HP: 30/55 MP: 5/8
  5143 | D:4      | Reached skill level 1 in Staves
  5489 | D:5      | Reached skill level 1 in Evocations
  5502 | D:5      | Received a gift from Nemelex Xobeh
  5693 | D:5      | Reached skill level 2 in Spellcasting
  6026 | D:5      | Reached ** piety under Nemelex Xobeh
  6175 | D:5      | Found a basalt altar of Yredelemnul.
  6320 | D:5      | Reached skill level 3 in Spellcasting
  6669 | D:5      | Reached XP level 8. HP: 54/61 MP: 11/13
  6750 | D:5      | Found a broken altar of Ashenzari.
  6750 | D:5      | Found a burning altar of Makhleb.
  7644 | D:6      | Found a staircase to the Ecumenical Temple.
  8575 | D:7      | Found a runed translucent door.
  9275 | D:7      | Reached XP level 9. HP: 53/66 MP: 14/14
  9501 | D:7      | Noticed indyram44's ghost (novice MiBe)
 10079 | D:8      | Reached skill level 5 in Invocations
 10402 | D:8      | Reached *** piety under Nemelex Xobeh
 10407 | D:8      | Received a gift from Nemelex Xobeh
 10544 | D:8      | Found a shimmering altar of Xom.
 11106 | D:7      | Reached skill level 5 in Fighting
 13284 | D:8      | Reached skill level 1 in Maces & Flails
 13483 | D:8      | Reached skill level 1 in Shields
 14188 | D:9      | Found a staircase to the Lair.
 14266 | D:9      | Received a gift from Nemelex Xobeh
 15037 | D:9      | Found a hazy altar of Hepliaklqana.
 15167 | D:9      | Received a gift from Nemelex Xobeh
 15533 | D:9      | Reached XP level 10. HP: 76/76 MP: 15/15
 15570 | D:9      | Reached skill level 5 in Evocations
 16114 | D:10     | Entered Level 10 of the Dungeon
 16138 | Lair:1   | Entered Level 1 of the Lair of Beasts
 16578 | Lair:1   | Received a gift from Nemelex Xobeh
 16587 | Lair:1   | Reached **** piety under Nemelex Xobeh
 16709 | Lair:1   | Noticed a cane toad
 16733 | Lair:1   | Killed a cane toad
 17124 | Lair:1   | Noticed a cane toad
 17134 | Lair:1   | Killed a cane toad
 17224 | Lair:1   | Noticed a black mamba
 17367 | Lair:1   | Killed a black mamba
 18217 | Lair:2   | Reached skill level 1 in Armour
 18608 | Lair:2   | Found a hole to the Spider Nest.
 18608 | Lair:2   | Noticed an orb spider
 18889 | Lair:2   | Received a gift from Nemelex Xobeh
 19263 | Lair:2   | Killed an orb spider
 19321 | Lair:2   | Noticed Erica
 19368 | Lair:2   | Killed Erica
 19369 | Lair:2   | Reached skill level 5 in Maces & Flails
 19369 | Lair:2   | Reached XP level 11. HP: 61/81 MP: 16/16
 20252 | Lair:2   | Reached skill level 4 in Spellcasting
 20762 | Lair:3   | Received a gift from Nemelex Xobeh
 20792 | Lair:3   | Noticed a death yak
 20793 | Lair:3   | Noticed a death yak
 20799 | Lair:3   | Noticed a death yak
 20801 | Lair:3   | Noticed a death yak
 21749 | Lair:3   | Learned a level 2 spell: Call Imp
 21759 | Lair:3   | Reached skill level 5 in Spellcasting
 22413 | Lair:3   | Killed a death yak
 22428 | Lair:3   | Killed a death yak
 22429 | Lair:3   | Killed a death yak
 22430 | Lair:3   | Reached skill level 6 in Spellcasting
 23134 | Lair:3   | Received a gift from Nemelex Xobeh
 23457 | Lair:3   | Noticed a seven-headed hydra
 23765 | Lair:2   | Learned a level 4 spell: Summon Ice Beast
 23768 | Lair:3   | HP: 2/84 [seven-headed hydra (11)]
 23770 | Lair:3   | Killed a seven-headed hydra
 24169 | Lair:4   | Noticed a four-headed hydra
 24180 | Lair:4   | Killed a four-headed hydra
 24181 | Lair:4   | Reached skill level 1 in Ice Magic
 24181 | Lair:4   | Reached XP level 12. HP: 78/91 MP: 22/22
 24200 | Lair:4   | Reached skill level 7 in Spellcasting
 24431 | Lair:4   | Received a gift from Nemelex Xobeh
 24450 | Lair:4   | Found a transporter.
 24541 | Lair:4   | Found a transporter.
 24542 | Lair:4   | Noticed Nyzic's ghost (journeyman TrMo)
 25012 | Lair:4   | Reached ***** piety under Nemelex Xobeh
 25012 | Lair:4   | Received a gift from Nemelex Xobeh
 25022 | Lair:4   | Noticed a dire elephant
 25043 | Lair:4   | Killed a dire elephant
 25335 | Lair:4   | Noticed an alligator
 25338 | Lair:4   | Noticed a death yak
 25987 | Lair:4   | Found a staircase to the Shoals.
 26245 | Lair:4   | Identified a scroll of acquirement
 26246 | Lair:4   | Acquired the ring of Avesk {Will+ Int+4}
 26296 | Lair:5   | Noticed a boulder beetle
 26311 | Lair:5   | Banished a boulder beetle
 26312 | Lair:5   | Reached skill level 8 in Spellcasting
 26543 | Lair:5   | Learned a level 2 spell: Poisonous Vapours
 26607 | Lair:5   | Noticed a death yak
 26607 | Lair:5   | Noticed a death yak
 26631 | Lair:5   | Reached skill level 1 in Poison Magic
 26641 | Lair:5   | Killed a death yak
 26834 | Lair:5   | Received a gift from Nemelex Xobeh
 27072 | Lair:5   | Noticed a death yak
 27096 | Lair:4   | Killed a death yak
 27276 | Lair:5   | Received a gift from Nemelex Xobeh
 27348 | Lair:5   | Found a viscous altar of Jiyva.
 27348 | Lair:5   | Found a staircase to the Slime Pits.
 27465 | Lair:4   | Identified the -1 quarterstaff of Gozag's Hatred {flame,
                  | rPois Dex+3}
 27469 | Lair:4   | Killed a death yak
 28085 | Lair:5   | Noticed a death yak
 28085 | Lair:5   | Noticed a death yak
 28125 | Lair:5   | Noticed a death yak
 28136 | Lair:4   | Killed a death yak
 28137 | Lair:4   | Reached skill level 9 in Spellcasting
 28408 | Lair:5   | Noticed a death yak
 28416 | Lair:4   | Killed a death yak
 28685 | Lair:5   | Banished a death yak
 28687 | Lair:5   | Killed a death yak
 29057 | Lair:2   | Killed a death yak
 29058 | Lair:2   | Gained mutation: You are in touch with the powers of death.
                  | [Mummy growth]
 29058 | Lair:2   | Reached XP level 13. HP: 72/98 MP: 21/26
 29398 | D:10     | Noticed Nergalle
 29412 | D:10     | Killed Nergalle
 29413 | D:10     | Reached skill level 1 in Air Magic
 29849 | D:10     | Reached skill level 5 in Summonings
 29878 | D:10     | Learned a level 3 spell: Vampiric Draining
 29910 | D:10     | Reached skill level 5 in Armour
 29910 | D:10     | Reached skill level 5 in Ice Magic
 30062 | D:10     | Found a staircase to the Orcish Mines.
 30212 | D:10     | Noticed Erolcha
 30230 | D:10     | Killed Erolcha
 30231 | D:10     | Reached skill level 1 in Necromancy
 30369 | D:10     | Acquired a +2 pair of gloves of strength
 30627 | D:10     | Received a gift from Nemelex Xobeh
 30951 | D:11     | Found a runed translucent door.
 30955 | D:11     | Noticed Vylera's ghost (journeyman DjFE)
 30956 | D:11     | Identified the +3 trident "Vellois" {vorpal, Int+2}
 31119 | D:11     | Noticed Psyche
 31288 | D:11     | Killed Psyche
 31330 | D:11     | Received a gift from Nemelex Xobeh
 32329 | D:12     | Noticed Fannar
 32344 | D:12     | Killed Fannar
 32345 | D:12     | Reached skill level 10 in Spellcasting
 32512 | D:11     | Learned a level 3 spell: Mephitic Cloud
 32751 | D:12     | Noticed a frost giant
 32754 | D:12     | Killed a frost giant
 32755 | D:12     | Reached skill level 5 in Staves
 32755 | D:12     | Reached skill level 1 in Conjurations
 33000 | D:12     | Received a gift from Nemelex Xobeh
 34515 | D:12     | Received a gift from Nemelex Xobeh
 34947 | Orc:1    | Entered Level 1 of the Orcish Mines
 35404 | Orc:1    | Received a gift from Nemelex Xobeh
 35509 | Orc:2    | Entered Level 2 of the Orcish Mines
 35527 | Orc:2    | Found a staircase to the Elven Halls.
 35701 | Orc:1    | Reached XP level 14. HP: 101/105 MP: 28/28
 36493 | Orc:1    | Reached skill level 5 in Necromancy
 36842 | Orc:2    | Learned a level 4 spell: Animate Dead
 37687 | Orc:2    | Noticed Urug
 37727 | Orc:2    | Killed Urug
 37902 | Orc:2    | Noticed an orc warlord
 37958 | Orc:2    | Killed an orc warlord
 39191 | Orc:2    | Found a transporter.
 39195 | Orc:2    | Noticed chaostorm's ghost (adept MfFi)
 39197 | Orc:2    | Found a transporter.
 39197 | Orc:2    | Identified the +9 great mace of Duusium {elec, rF+ Str+3
                  | Dex-3}
 39197 | Orc:2    | Identified the +8 great mace of Mourning {vorpal, Dex+4
                  | Stlth+}
 39200 | Orc:2    | Received a gift from Nemelex Xobeh
 39273 | Orc:2    | Found Vyojaz's Antique Weapon Shop.
 39319 | Orc:2    | Found Koofodoar's General Store.
 39334 | Orc:2    | Found Zayjokk's Book Shop.
 39350 | Orc:2    | Found Lyturul's Antique Armour Shop.
 39957 | Orc:2    | Killed chaostorm's ghost
 40479 | Spider:1 | Entered Level 1 of the Spider Nest
 40689 | Spider:1 | Learned a level 5 spell: Borgnjor's Vile Clutch
 41309 | Spider:1 | Reached skill level 1 in Earth Magic
 41940 | Spider:1 | Received a gift from Nemelex Xobeh
 41943 | Spider:1 | You fall into a shaft and drop 1 floor!
 41945 | Spider:2 | Noticed Aizul
 43586 | Spider:1 | Received a gift from Nemelex Xobeh
 44984 | Spider:1 | Learned a level 4 spell: Olgreb's Toxic Radiance
 45547 | Spider:2 | Killed a ghost moth
 46213 | Spider:2 | Killed Aizul
 46461 | Spider:2 | Reached XP level 15. HP: 35/110 MP: 0/29
 47046 | Spider:2 | Reached skill level 5 in Poison Magic
 47130 | Spider:2 | Received a gift from Nemelex Xobeh
 47698 | Spider:2 | Identified the +3 leather armour of Anwiklif {Rampage rPois
                  | Will-}
 47722 | Spider:2 | Reached skill level 11 in Spellcasting
 48181 | Spider:2 | Upgraded the game from 0.27-a0-1196-g3e9cee4cb2 to
                  | 0.27-a0-1200-g94dc6ad4cf
 49613 | Spider:3 | Reached skill level 1 in Dodging
 49756 | Spider:3 | Received a gift from Nemelex Xobeh
 50127 | Spider:3 | Reached skill level 5 in Earth Magic
 51334 | D:12     | Received a gift from Nemelex Xobeh
 51487 | D:13     | Found Niomm's Magic Scroll Shoppe.
 51666 | D:13     | Bought a scroll of blinking for 97 gold pieces
 51666 | D:13     | Bought a scroll of brand weapon for 260 gold pieces
 51666 | D:13     | Bought a scroll of blinking for 97 gold pieces
 51666 | D:13     | Bought a scroll of enchant armour for 97 gold pieces
 52866 | D:13     | Received a gift from Nemelex Xobeh
 53085 | D:13     | Found the +3 pair of seven-league boots {Rampage+∞}
 53403 | D:13     | Identified the +9 war axe "Rummage" {flame, Dex+3}
 53490 | D:14     | Found a gate to the Vaults.
 53709 | D:14     | You fall into a shaft and drop 1 floor!
 53709 | D:15     | Entered Level 15 of the Dungeon
 54132 | D:15     | Received a gift from Nemelex Xobeh
 54649 | D:15     | Reached XP level 16. HP: 112/117 MP: 20/31
 54705 | D:15     | Received a gift from Nemelex Xobeh
 54920 | D:15     | Found a staircase to the Depths.
 55131 | D:15     | Noticed Agnes
 55142 | D:15     | Killed Agnes
 55143 | D:15     | Reached skill level 12 in Spellcasting
 55797 | D:14     | Reached ****** piety under Nemelex Xobeh
 56207 | Shoals:1 | Entered Level 1 of the Shoals
 56550 | Shoals:1 | Reached skill level 10 in Necromancy
 56730 | Shoals:1 | Received a gift from Nemelex Xobeh
 57108 | Shoals:1 | Found a stormy altar of Qazlal.
 57561 | Shoals:1 | Received a gift from Nemelex Xobeh
 57613 | Shoals:1 | Reached skill level 5 in Dodging
 57665 | Shoals:1 | Noticed Louise
 57678 | Shoals:1 | Killed Louise
 57928 | Shoals:1 | Learned a level 6 spell: Death Channel
 58188 | Shoals:1 | Noticed a kraken
 58648 | Shoals:1 | Killed a kraken
 58895 | Shoals:1 | Learned a level 3 spell: Ignite Poison
 58897 | Shoals:2 | Received a gift from Nemelex Xobeh
 59366 | Shoals:2 | Reached skill level 1 in Transmutations
 59366 | Shoals:2 | Reached skill level 1 in Fire Magic
 59615 | Shoals:2 | Noticed Jorgrun
 59742 | Shoals:2 | Killed Jorgrun
 60369 | Shoals:2 | Received a gift from Nemelex Xobeh
 60830 | Shoals:3 | Received a gift from Nemelex Xobeh
 61248 | Shoals:3 | Found an ancient bone altar of Kikubaaqudgha.
 61619 | Shoals:3 | Received a gift from Nemelex Xobeh
 62066 | Shoals:4 | Entered Level 4 of the Shoals
 64228 | Shoals:4 | Found a runed translucent door.
 64241 | Shoals:4 | Noticed robertstho's ghost (adept TeBe)
 64448 | Shoals:3 | Reached XP level 17. HP: 62/127 MP: 4/33
 64466 | Shoals:3 | Killed robertstho's ghost
 65040 | Shoals:4 | Reached skill level 10 in Fighting
 65350 | Shoals:4 | Identified the ring "Ceorejen" {Fire rCorr Str+2}
 66077 | Shoals:4 | Identified the +5 whip of Resourcefulness {venom, rN+}
 66706 | Shoals:4 | Got a barnacled rune of Zot
 66784 | Shoals:4 | Received a gift from Nemelex Xobeh
 67743 | Spider:4 | Entered Level 4 of the Spider Nest
 67747 | Spider:4 | Noticed Arachne
 67771 | Spider:4 | Reached skill level 10 in Invocations
 67771 | Spider:4 | Killed Arachne
 68623 | Spider:4 | Received a gift from Nemelex Xobeh
 70081 | Spider:4 | Got a gossamer rune of Zot
 70387 | Elf:1    | Entered Level 1 of the Elven Halls
 70723 | Elf:1    | Found a radiant altar of Vehumet.
 71373 | Elf:1    | Noticed a Hell Sentinel
 71379 | Elf:1    | Reached XP level 18. HP: 64/134 MP: 14/34
 72491 | Elf:1    | Received a gift from Nemelex Xobeh
 72812 | Elf:1    | Identified the Grimoire of the Seven Realms
 73073 | Elf:1    | Reached skill level 10 in Evocations
 73497 | Elf:1    | Found Muav's Jewellery Emporium.
 73497 | Elf:1    | Found Uniduif's Book Boutique.
 73498 | Elf:1    | Found Fongax's Book Boutique.
 73837 | Vaults:1 | Entered Level 1 of the Vaults
 73858 | Vaults:1 | Received a gift from Nemelex Xobeh
 75328 | Vaults:1 | Reached skill level 13 in Spellcasting
 76164 | Vaults:1 | Received a gift from Nemelex Xobeh
 76295 | Vaults:1 | Found Jirent's Antique Weapon Emporium.
 76577 | Vaults:1 | Received a gift from Nemelex Xobeh
 77666 | Vaults:2 | Reached XP level 19. HP: 110/140 MP: 5/36
 77945 | Vaults:2 | Received a gift from Nemelex Xobeh
 77982 | Vaults:2 | Reached skill level 14 in Spellcasting
 80390 | Vaults:2 | Reached skill level 10 in Ice Magic
 80503 | Vaults:2 | Reached skill level 15 in Spellcasting
 80509 | Vaults:2 | Received a gift from Nemelex Xobeh
 82424 | Vaults:3 | Found a staircase to the Crypt.
 83107 | Vaults:3 | Reached skill level 16 in Spellcasting
 83107 | Vaults:3 | Reached XP level 20. HP: 52/150 MP: 4/40
 83676 | Vaults:3 | Learned a level 7 spell: Ozocubu's Refrigeration
 84283 | Vaults:3 | Learned a level 6 spell: Simulacrum
 85395 | Vaults:4 | Killed from afar by a crystal guardian

Illustrated notes

Levels and vault maps discovered:
D:1:      dpeg_arrival_radiant, layout_basic, serial_shops,
          nicolae_shop_temple_entry_statues_fountains,
          nicolae_shop_competitors_out_of_business, shop, shop,
          ebering_dispersal_statue_hall, minmay_misc_feat_nine_boxes,
          minmay_rat_gold_closets
D:2:      layout_loops_ring
D:3:      layout_loops_corners, kennysheep_nondescript,
          chequers_hall_statues_wall_a, minmay_circle_x, uniq_jessica
D:4:      layout_loops_ring, nicolae_overflow_hidden_temple,
          nemelex_spade_bored_becter, minmay_misc_feat_square
D:5:      layout_basic, lemuel_doored_altar, gammafunk_temple_overflow_wave,
          enter_ossuary_3
D:6:      layout_loops_ring, temple_fountains
D:7:      layout_loops_cross, ebering_ghost_reflecting_pool, the_hattery
D:8:      layout_cave_pools, kennysheep_mini_moat, serial_gnoll_camp,
          gnoll_camp_medium_02, gnoll_camp_huts_moat, gnoll_camp_mini_hut,
          gnoll_camp_mini_hut
D:9:      layout_loops_ring, lemuel_round_altar, lair_entry_dummy,
          chequers_mini_garden
D:10:     layout_loops_ring, orc_0_dummy, serial_undead, serial_undead_f,
          serial_undead_f, serial_undead_a, serial_undead_f, serial_undead_e,
          serial_undead_d, uniq_nergalle, uniq_erolcha
D:11:     erik_cavepeople, layout_loops_corners, ebering_ghost_funeral_grove
D:12:     nzn_winding_woodlands_cross [nzn_winding_woodlands_5x15_eye,
          nzn_winding_woodlands_5x15_default, nzn_winding_woodlands_5x15_cabin,
          nzn_winding_woodlands_5x15_split_checker,
          nzn_winding_woodlands_15x15_killbox], layout_basic, uniq_fannar
D:13:     layout_loops_corners, serial_shops, shop, kennysheep_cluttered_room,
          roderic_serpentine_path
D:14:     layout_rooms, lightli_vaults_fourway_checkpoint, nicolae_wwwww
D:15:     grunt_enter_depths_snipers, layout_loops_ring, kennysheep_flooded_box,
          uniq_agnes
Lair:1:   layout_gridlike, grunt_megastairs_2
Lair:2:   layout_chaotic_city, nicolae_spider_entry_orb_guardian, uniq_erica
Lair:3:   layout_chaotic_city
Lair:4:   layout_regular_city, elwin_shoals_entry_stream, gammafunk_ghost_arena,
          beast_lair_carwin_1, lemuel_fruit_fields
Lair:5:   layout_gridlike, slime_altar_1, enter_volcano_4
Shoals:1: layout_shoals, wheals_shoals_ruined_temple, uniq_louise
Shoals:2: layout_shoals, nicolae_shoals_arrival_archipelago, uniq_jorgrun
Shoals:3: layout_shoals, lemuel_oklob_altar
Shoals:4: shoals_end_simple, layout_shoals, ebering_ghost_reflecting_pool
Spider:1: nicolae_spider_hilbert_zone_4 [nicolae_spider_hilbert_4_sides_2_open,
          nicolae_spider_hilbert_4_sides_1_open,
          nicolae_spider_hilbert_4_sides_1_open,
          nicolae_spider_hilbert_4_sides_1_open,
          nicolae_spider_hilbert_4_sides_1_open,
          nicolae_spider_hilbert_2_sides_1_open,
          nicolae_spider_hilbert_2_sides_1_open,
          nicolae_spider_hilbert_2_sides_1_open,
          nicolae_spider_hilbert_2_sides_1_open,
          nicolae_spider_hilbert_6_sides_1_open,
          nicolae_spider_hilbert_6_sides_1_open,
          nicolae_spider_hilbert_3_sides_1_open,
          nicolae_spider_hilbert_3_sides_1_open]
Spider:2: nicolae_spider_mines_1, uniq_aizul
Spider:3: layout_spider_delve, spiders_nest_spider_trap
Spider:4: spider_rune_water, uniq_arachne
Orc:1:    layout_caves
Orc:2:    grunt_orc_cross, layout_caves, gammafunk_ghost_smash, mines4_lemuel
Elf:1:    eino_elf_arrival_altar, layout_gridlike, minmay_elf_demonology,
          grunt_megastairs_1, minmay_shop_grove, lemuel_upstairs_altar
Vaults:1: nicolae_vaults_big_ls, dpeg_vaults_monster_box, v_alt_pattern_5,
          vaults_room_mumra_shop_pool, nicolae_vaults_diagonal_hallway_7,
          nicolae_vaults_little_squares_6, nicolae_vaults_gold_heap, v_misc_26,
          vaults_dpeg_diagonal, vaults_mumra_hexcomb, layout_vaults_omnigrid
Vaults:2: grunt_vaults_bifocal, nicolae_vaults_arrows, nicolae_vaults_octagons,
          nicolae_vaults_network_quincunx
          [nicolae_vaults_network_quincunx_subvault,
          nicolae_vaults_network_quincunx_subvault,
          nicolae_vaults_network_quincunx_subvault,
          nicolae_vaults_network_quincunx_subvault,
          nicolae_vaults_network_quincunx_subvault], vaults_standard_mumra_x,
          v_misc_13, v_misc_27, nicolae_vaults_network_barrier,
          vaults_mumra_chevron, nicolae_vaults_asterisk, ontoclasm_vaults_chip,
          vaults_dpeg_ring, layout_vaults_omnibox
Vaults:3: blue_anna_dwarven_crypt, v_misc_11, v_misc_23, vaults_room_octagon,
          vaults_room_boxed, vaults_room_octagon, v_misc_27, v_rooms_2,
          hangedman_vaults_maws, v_alt_pattern_2,
          nicolae_vaults_little_squares_6, layout_vaults_big_cross
Vaults:4: nicolae_vaults_network_square, dpeg_vaults_waves,
          hangedman_vaults_river_flow, v_misc_19, hangedman_vaults_impose,
          nicolae_vaults_diagonal_hallway_9, nicolae_vaults_little_squares_4,
          nicolae_vaults_little_squares_5, hangedman_vaults_pinch,
          nicolae_vaults_yaktaur_gun_rack, ontoclasm_vaults_shuriken,
          vaults_dpeg_spiral, v_misc_2, grunt_vaults_hallway_short,
          hangedman_vaults_stretched_pinwheel, vaults_dpeg_hooks,
          layout_vaults_ring

Skill      XL: |  1  2  3  4  5  6  7  8  9 10 11 12 13 14 15 16 17 18 19 20 |
---------------+-------------------------------------------------------------+-----
Short Blades   | 2 3 |  3.6
Fighting       | 3 4 6 7 8 9 10 11 | 11.1
Summonings     | 1 2 4 5 |  5.8
Invocations    | 1 2 4 6 7 9 10 11 | 11.0
Spellcasting   | 1 3 6 9 10 11 12 13 16 | 16.7
Staves         | 2 4 5 6 |  6.9
Evocations     | 2 4 5 6 7 8 9 10 | 10.0
Maces & Flails | 2 5 6 7 |  7.3
Shields        | 2 4 |  4.0
Throwing       | 3 |  3.0
Armour         | 2 3 4 5 7 |  7.4
Ice Magic      | 1 4 5 6 9 10 11 | 11.5
Poison Magic   | 3 4 6 |  6.3
Air Magic      | 3 |  3.0
Necromancy     | 4 7 9 11 12 | 12.1
Conjurations   | 2 |  2.6
Earth Magic    | 3 6 |  6.5
Dodging        | 3 5 6 7 |  7.3
Transmutations | 2 |  2.0
Fire Magic     | 2 |  2.0
Stealth        | |  3.2

Action                   |  1- 3 |  4- 6 |  7- 9 | 10-12 | 13-15 | 16-18 | 19-21 || total
-------------------------+-------+-------+-------+-------+-------+-------+-------++-------
Melee: Dagger            |    76 |   156 |       |       |       |       |       ||   232
       Quarterstaff      |       |    28 |   417 |       |       |       |       ||   445
       Whip              |       |       |   126 |   534 |   829 |       |       ||  1489
       Staff             |       |       |       |       |   461 |   709 |   289 ||  1459
       Mace              |       |       |       |       |    70 |     9 |       ||    79
Throw: Dart              |    22 |    43 |   139 |    84 |    17 |       |       ||   305
       Boomerang         |     1 |     6 |    21 |    56 |    83 |    10 |       ||   177
       Throwing net      |       |       |       |     1 |     1 |       |       ||     2
       Javelin           |       |       |       |       |       |       |    13 ||    13
 Cast: Summon Small Mamm |       |    16 |    32 |     2 |       |       |     1 ||    51
       Call Imp          |       |       |       |    23 |    11 |       |       ||    34
       Poisonous Vapours |       |       |       |       |   264 |    88 |       ||   352
       Summon Ice Beast  |       |       |       |       |    55 |    34 |    15 ||   104
       Mephitic Cloud    |       |       |       |       |    51 |    21 |     1 ||    73
       Vampiric Draining |       |       |       |       |    44 |   121 |    11 ||   176
       Animate Dead      |       |       |       |       |    12 |     9 |     2 ||    23
       Olgreb's Toxic Ra |       |       |       |       |    34 |    92 |    48 ||   174
       Borgnjor's Vile C |       |       |       |       |    31 |   195 |   101 ||   327
       Death Channel     |       |       |       |       |       |    25 |    22 ||    47
       Ignite Poison     |       |       |       |       |       |    20 |     4 ||    24
       Ozocubu's Refrige |       |       |       |       |       |       |     3 ||     3
       Simulacrum        |       |       |       |       |       |       |     2 ||     2
Invok: Draw Escape       |       |       |     2 |     1 |     4 |       |       ||     7
       Draw Destruction  |       |       |     2 |    44 |    37 |    23 |     7 ||   113
       Triple Draw       |       |       |       |     7 |     6 |     5 |       ||    18
       Draw Summoning    |       |       |       |     9 |     7 |     3 |       ||    19
       Deal Four         |       |       |       |       |     3 |       |       ||     3
 Abil: Evoke Invisibilit |       |       |     1 |     1 |       |       |       ||     2
Evoke: Wand              |       |       |     5 |    27 |    20 |     3 |     1 ||    56
       Phantom mirror    |       |       |       |     1 |       |       |       ||     1
  Use: Scroll            |     1 |     8 |     3 |     7 |    17 |     9 |       ||    45
 Stab: Sleeping          |    10 |     1 |     2 |       |       |     1 |     1 ||    15
       Distracted        |       |     1 |     4 |       |     7 |     6 |     7 ||    25
       Invisible         |       |       |       |     3 |       |       |       ||     3
       Held in net/web   |       |       |       |     2 |       |       |       ||     2
       Confused          |       |       |       |       |    30 |     4 |       ||    34
       Paralysed         |       |       |       |       |    19 |       |       ||    19
Armor: Robe              |    19 |    32 |    16 |       |       |       |       ||    67
       Ring mail         |       |       |   103 |       |       |       |       ||   103
       Scale mail        |       |       |    93 |   166 |   125 |       |       ||   384
       Acid dragon scale |       |       |       |       |   561 |   504 |   130 ||  1195
Dodge: Dodged            |    35 |   162 |   483 |   292 |  1006 |   759 |   249 ||  2986
Block: Buckler           |       |       |    32 |   107 |   347 |   255 |    46 ||   787

Table legend: (Time is in decaauts)
 A = Elapsed time spent in this place.
 B = Non-inter-level travel time spent in this place.
 C = Inter-level travel time spent in this place.
 D = Time resting spent in this place.
 E = Time spent auto-exploring this place.
 F = Levels seen in this place.
 G = Mean time per level.
                   A        B        C        D        E       F      G
               +--------+--------+--------+--------+--------+-----+--------+
         Total |  85251 |  80618 |   4633 |  41663 |  25616 |  35 | 2435.7 |
       Dungeon |  27552 |  25861 |   1691 |   9601 |  11677 |  15 | 1836.8 |
          Lair |  14006 |  13166 |    840 |   7816 |   3645 |   5 | 2801.2 |
        Shoals |  11594 |  11050 |    544 |   6615 |   2284 |   4 | 2898.5 |
   Spider Nest |  12329 |  11458 |    871 |   7434 |   2281 |   4 | 3082.2 |
  Orcish Mines |   5131 |   4739 |    392 |   2633 |   1209 |   2 | 2565.5 |
   Elven Halls |   3297 |   3156 |    141 |   1697 |   1070 |   1 | 3297.0 |
        Vaults |  11339 |  11187 |    152 |   5864 |   3448 |   4 | 2834.8 |
               +--------+--------+--------+--------+--------+-----+--------+

Top non-repeatable levels by time:
Vaults:2: 4612 daAuts
Spider:2: 4269 daAuts
  Lair:2: 4211 daAuts
Shoals:3: 4179 daAuts
     D:8: 3948 daAuts
Spider:1: 3945 daAuts
   Orc:2: 3706 daAuts
Vaults:3: 3363 daAuts
   Elf:1: 3297 daAuts
  Lair:4: 3267 daAuts
Vaults:1: 3156 daAuts
Shoals:1: 3028 daAuts
Shoals:4: 2964 daAuts
  Lair:3: 2693 daAuts
    D:11: 2475 daAuts
